 Dungeon Crawl Stone Soup version 0.26-a0-682-g294304f6e8 (webtiles) character file.

Game seed: 12570494266705369477

308541 flyleaff the Severer (level 21, -3/276 HPs)
             Began as a Hill Orc Fighter on Oct 20, 2020.
             Was the Champion of Okawaru.
             Slain by a lich (6 damage)
             ... while paralysed by Xtahua
             ... on level 4 of the Vaults on Oct 22, 2020.
             The game lasted 02:47:25 (38630 turns).

flyleaff the Severer (Hill Orc Fighter)            Turns: 38630, Time: 02:47:26

Health: -3/276     AC: 25    Str: 26    XL:     21   Next: 57%
Magic:  0/28       EV:  2    Int:  9    God:    Okawaru [******]
Gold:   2209       SH:  0    Dex: 15    Spells: 24/27 levels left

rFire    + + +     SeeInvis +   d - +1 executioner's axe (vamp)
rCold    . . .     Faith    .   (shield currently unavailable)
rNeg     . . .     Spirit   +   m - +3 swamp dragon scales of Munaunuqitz {rPois Int+3}
rPois    +         Reflect  .   l - +0 helmet {SInv}
rElec    +         Harm     .   i - +0 cloak
rCorr    .         Rampage  .   K - +2 pair of gloves {Str+3}
MR       ++...                  C - +1 pair of boots
Stlth    ..........             e - amulet "Fiqyer" {Spirit rElec rF+++}
HPRegen  0.56/turn              A - +4 ring of slaying
MPRegen  0.21/turn              j - ring of the Sybil {+Inv rElec MR+ Int-3 Stlth+}

@: paralysed, berserking (expiring), drained
A: large bone plates 1, molten scales 1, MP-powered wands
}: 1/15 runes: serpentine
a: Heroism, Finesse, Renounce Religion, Evoke Invisibility


You were on level 4 of the Vaults.
You worshipped Okawaru.
Okawaru was exalted by your worship.
You visited 6 branches of the dungeon, and saw 32 of its levels.
You also visited: Ice Cave.

You collected 5227 gold pieces.
You spent 3018 gold pieces at shops.

Inventory:

Hand Weapons
 d - a +1 vampiric executioner's axe (weapon)
 J - a +8 vampiric demon blade
 Q - the +11 long sword of Popular Demand {venom, rPois rF+}
   (You found it on level 10 of the Dungeon)

   It poisons the flesh of those it strikes.
   It protects you from fire.
   It protects you from poison.
Missiles
 k - 12 curare-tipped darts (quivered)
 o - 8 boomerangs of dispersal
 v - 14 atropa-tipped darts
 x - 8 silver javelins
 F - 3 javelins
 O - 5 datura-tipped darts
Armour
 i - a +0 cloak (worn)
 l - a +0 helmet of see invisible (worn)
 m - the +3 swamp dragon scales of Munaunuqitz (worn) {rPois Int+3}
   (You bought it in a shop on level 2 of the Orcish Mines)

   It affects your intelligence (+3).
   It protects you from poison.
 C - a +1 pair of boots (worn)
 K - a +2 pair of gloves of strength (worn)
 W - the +3 buckler of the Farmer {rC+ rN+ Dex+6 SInv}
   (Okawaru gifted it to you on level 3 of the Vaults)

   It affects your dexterity (+6).
   It protects you from cold.
   It protects you from negative energy.
   It lets you see invisible.
Jewellery
 e - the amulet "Fiqyer" (around neck) {Spirit rElec rF+++}
   (You found it on level 2 of the Snake Pit)

   [amulet of guardian spirit]

   It causes incoming damage to be split between your health and magic.
   It renders you almost immune to fire.
   It insulates you from electricity.
 j - the ring of the Sybil (right hand) {+Inv rElec MR+ Int-3 Stlth+}
   (You found it on level 10 of the Dungeon)

   [ring of protection from magic]

   It affects your intelligence (-3).
   It insulates you from electricity.
   It affects your resistance to hostile enchantments.
   It lets you turn invisible.
   It makes you more stealthy.
 p - an uncursed amulet of reflection
 y - an uncursed amulet of regeneration
 z - an uncursed ring of protection from magic
 A - a +4 ring of slaying (left hand)
 D - the ring "Gibluk Todu" {+Fly Int+3}
   (You found it in an ice cave)

   [ring of flight]

   It affects your intelligence (+3).
   It lets you fly.
 G - an uncursed ring of resist corrosion
Wands
 a - a wand of acid (8)
 c - a wand of enslavement (4)
 q - a wand of iceblast (45)
 H - a wand of disintegration (5)
 I - a wand of digging (2)
Scrolls
 f - 18 scrolls of teleportation
 h - 11 scrolls of remove curse
 n - a scroll of silence
 s - 3 scrolls of magic mapping
 t - a scroll of fear
 w - 3 scrolls of fog
 S - 5 scrolls of identify
Potions
 g - 6 potions of curing
 u - 2 potions of cancellation
 B - a potion of heal wounds
 E - a potion of ambrosia
 T - a potion of might
Miscellaneous
 r - a lightning rod (4/4)
 L - a phantom mirror
 P - a condenser vane (2/2)
 R - a phantom mirror
 Z - a tin of tremorstones (3/3)


   Skills:
 - Level 15.2(14.2) Fighting
 - Level 14.0(13.0) Long Blades
 + Level 15.9(14.9) Axes
 - Level 10.7(9.8) Throwing
 - Level 14.9(13.9) Armour
 - Level 14.7(13.7) Dodging
 - Level 4.0(3.3) Stealth
 - Level 14.8(13.8) Shields
 - Level 3.6(2.8) Spellcasting
 - Level 10.2(9.3) Invocations
 - Level 8.1(7.3) Evocations


You had 24 spell levels left.
You knew the following spells:

 Your Spells              Type           Power        Failure   Level
a - Stone Arrow           Conj/Erth      #.....       77%         3

Your spell library contained the following spells:

 Spells                   Type           Power        Failure   Level
 Magic Dart               Conj           #...         38%         1
 Sandblast                Erth           #.....       38%         1
 Sting                    Tmut/Pois      #...         38%         1
 Passwall                 Tmut/Erth      #.......     52%         2
 Poisonous Vapours        Pois/Air       #.....       52%         2
 Searing Ray              Conj           #.....       52%         2
 Dazzling Flash           Conj/Hex       #.....       77%         3
 Ignite Poison            Fire/Tmut/Pois #.......     77%         3
 Mephitic Cloud           Conj/Pois/Air  #.......     77%         3
 Cause Fear               Hex            #.........   99%         4
 Fulminant Prism          Conj/Hex       #.........   99%         4
 Iskenderun's Mystic Bla  Conj/Tloc      #.......     99%         4
 Olgreb's Toxic Radiance  Pois           #.......     99%         4
 Petrify                  Tmut/Erth      #.......     99%         4
 Lee's Rapid Deconstruct  Erth           #.........   100%        5
 Silence                  Hex/Air        #.........   100%        5
 Yara's Violent Unravell  Hex/Tmut       #.........   100%        5
 Discord                  Hex            #.........   100%        8


Dungeon Overview and Level Annotations

Branches:
Dungeon (15/15)            Temple (1/1) D:7            Lair (6/6) D:9
 Shoals (0/4) Lair:3        Snake (4/4) Lair:4        Slime (0/5) Lair:6
    Orc (2/2) D:11            Elf (0/3) Orc:2        Vaults (4/5) D:14
  Crypt (0/3) Vaults:3     Depths (0/5) D:15          IceCv (visited)

Altars:
Ashenzari
Cheibriados
Dithmenos
Elyvilon
Fedhas
Gozag
Hepliaklqana
Kikubaaqudgha
Makhleb
Nemelex Xobeh
Okawaru
Qazlal
Ru
Sif Muna
Trog
Uskayaw
Vehumet
Wu Jian
Xom
Yredelemnul
Zin
The Shining One
Beogh
Jiyva

Shops:
D:8 (   D:10 =   D:11 }   D:13 *   Orc:1 :*?   Orc:2 [::[   Snake:4 [
Vaults:1 =

Annotations:
Vaults:4 Xtahua


Innate Abilities, Weirdness & Mutations

You are partially covered in large bone plates. (SH +4)
You are partially covered in molten scales. (AC +2)
You expend magic power (3 MP) to strengthen your wands.


Message History

* * * LOW HITPOINT WARNING * * *
The deep elf archer hits you with a +2 antimagic dagger.
* * * LOW HITPOINT WARNING * * *
Xtahua bites you but does no damage. Xtahua claws you but does no damage.
Xtahua tramples you but does no damage.
The lich touches you but does no damage.
The lich conjures a glowing orb.
The wavering orb of destruction weakly hits Xtahua!!
The deep elf archer hits you but does no damage.
The ironbrand convoker hits you with a cursed -1 great mace.
* * * LOW HITPOINT WARNING * * *
Xtahua bites you!!
* * * LOW HITPOINT WARNING * * *
Xtahua claws you but does no damage. Xtahua tramples you but does no damage.
The lich launches a ball of destructive magic.
The wavering orb of destruction weakly hits you!!
* * * LOW HITPOINT WARNING * * *
The deep elf archer hits you but does no damage.
The lich touches you.
You die...

#........##..)...#
#........##).....#
#........##......#
#........##......#
#.....^..##......#
#........##......#
#........##......#
###[#######......#
#...eD@e(##'######
#..))Lp..#
#(.......'...
#.....}..#(...
#........# ...
#........# .. ##
#..!.....# . ##.
#######'## #.. #..


You could see Xtahua, a lich (fast, strong), a deep elf archer (repels
missiles), a deep elf knight (fast, invisible) and an ironbrand convoker.

Vanquished Creatures
  Vashnia (Snake:3)
  A lich (Vaults:3)
  A sphinx (Vaults:3)
  The ghost of Razfen the Cruncher, an adept GnWn of Ashenzari (Snake:3)
  4 tengu reavers
  Kirke (Snake:3)
  12 nagarajas
  The ghost of Fekhlan the Champion of Chaos, a journeyman DDNe of Makhleb (Snake:3)
  2 fire giants
  3 frost giants
  7 vault wardens
  The ghost of Xitaol the Ninja, an adept SpEn of Wu Jian (Snake:3)
  10 ironheart preservers
  6 stone giants
  A war gargoyle (Vaults:1)
  7 entropy weavers
  Josephine (D:14)
  2 ettins
  A merfolk impaler (D:12)
  3 fire dragons
  7 yaktaur captains
  A great orb of eyes (Vaults:2)
  2 hydras (Lair:6)
  7 ice dragons
  2 vault guards (Vaults:1)
  16 naga warriors
  Fannar (D:11)
  2 catoblepae
  2 boulder beetles
  A merfolk avatar (D:12)
  3 death knights
  9 anacondas
  8 death yaks (Lair:6)
  A queen ant (Lair:6)
  7 centaur warriors
  2 tengu warriors (D:14)
  20 two-headed ogres
  21 naga sharpshooters
  7 ogre magi
  5 orc high priests (Orc:2)
  Nergalle (D:11)
  13 shock serpents
  6 hell knights (Vaults:4)
  8 deep elf knights
  A fire crab (Lair:6)
  2 shadow wraiths
  2 salamander mystics
  A skeletal warrior (D:14)
  A fire crab (shapeshifter) (Vaults:3)
  A deep troll (Vaults:4)
  A sixfirhy (D:11)
  9 sea snakes (Snake:4)
  2 flayed ghosts (Vaults:4)
  3 unseen horrors
  An unseen horror (shapeshifter) (Vaults:1)
  A deep elf archer (Vaults:2)
  4 naga ritualists
  3 wizards
  A phantasmal warrior (Vaults:2)
  A harpy (Vaults:4)
  20 ironbrand convokers
  A lindwurm (Lair:6)
  13 orc knights
  16 deep elf magi
  26 ugly things
  3 necromancers
  5 mana vipers
  A wolf spider (Vaults:1)
  5 cyclopes
  2 manticores (D:13)
  3 orc sorcerers
  2 centaur zombies
  11 salamanders
  3 elephants (Lair:6)
  A merfolk siren (Lair:3)
  42 black mambas
  A frost giant skeleton (Vaults:3)
  Joseph (D:9)
  7 guardian serpents
  38 naga magi
  3 molten gargoyles (Lair:6)
  2 ice statues (IceCv)
  10 cane toads
  3 gargoyles
  A torpor snail (shapeshifter) (Vaults:1)
  14 vault sentinels
  36 yaktaurs
  6 rime drakes
  11 komodo dragons
  A kobold demonologist (D:14)
  A human zombie (Vaults:3)
  5 freezing wraiths
  A demonic crawler (Lair:2)
  7 trolls
  Grinder (D:6)
  6 polar bears
  6 hornets
  7 slime creatures
  A dream sheep (shapeshifter) (Vaults:1)
  6 blink frogs
  Prince Ribbit (Lair:2)
  An ettin skeleton (Vaults:4)
  A tarantella (Vaults:4)
  2 centaur simulacra
  4 redbacks
  A shadow (D:11)
  A vampire (D:13)
  7 wyverns
  4 hogs (Snake:3)
  Eustachio (D:4)
  6 wraiths
  3 fire bats (Lair:6)
  50 yaks
  A fire elemental (Lair:6)
  3 steam dragons (Lair:6)
  6 basilisks
  9 vampire mosquitoes
  16 wargs
  30 soldier ants
  2 swamp worms (Lair:2)
  3 acid dragons
  70 nagas
  2 insubstantial wisps (Lair:3)
  14 water moccasins
  3 hell hounds (Lair:6)
  3 phantoms
  23 ice beasts
  3 sky beasts
  3 eyes of draining
  32 orc warriors
  3 black bears
  26 ogres
  10 wolves (Lair:3)
  4 boggarts (Vaults:3)
  4 necrophages
  12 centaurs
  5 big kobolds
  20 bullfrogs
  A wyvern zombie (D:14)
  4 gnoll sergeants
  4 human skeletons
  2 wyvern skeletons
  2 scorpions
  A water moccasin skeleton (D:5)
  An elf simulacrum (Vaults:1)
  12 killer bees
  A howler monkey (D:5)
  3 human simulacra (Vaults:3)
  9 wights
  6 lava snakes (Lair:6)
  2 bullfrog zombies
  A yaktaur simulacrum (Vaults:1)
  A bullfrog skeleton (D:6)
  39 orc priests
  9 centaur skeletons
  6 hounds
  7 jellies
  28 orc wizards
  Ijyb (D:4)
  24 worker ants
  6 iguanas
  2 hound skeletons
  2 worker ant zombies (D:10)
  20 gnolls
  14 adders
  A shadow imp (D:8)
  2 white imps
  An ufetubus (D:8)
  An adder zombie (D:6)
  An adder skeleton (D:7)
  A worm (shapeshifter) (Vaults:4)
  3 worms
  3 dart slugs
  6 leopard geckos
  132 orcs
  11 bats
  3 giant cockroaches
  7 hobgoblins
  16 jackals
  18 kobolds
  4 quokkas
  A frilled lizard (D:4)
  10 goblins
  A leopard gecko skeleton (D:5)
  8 rats
1408 creatures vanquished.

Vanquished Creatures (collateral kills)
  A boulder beetle (Vaults:4)
  A fire giant simulacrum (Vaults:4)
  A naga (Snake:2)
3 creatures vanquished.

Vanquished Creatures (others)
  A stone giant (Vaults:3)
  A naga warrior (Snake:4)
  A manticore (D:12)
  A human (Snake:3)
  A naga (Snake:2)
  An orc warrior (Vaults:4)
  A worker ant (Lair:6)
  22 fungi
  36 plants
  3 withered plants (Snake:3)
68 creatures vanquished.

Grand Total: 1479 creatures vanquished

Notes
Turn   | Place    | Note
-------+----------+-------------------------------------------
     0 | D:1      | flyleaff the Hill Orc Fighter began the quest for the Orb.
     0 | D:1      | Reached XP level 1. HP: 19/19 MP: 1/1
    78 | D:1      | Reached XP level 2. HP: 26/27 MP: 2/2
   680 | D:2      | Reached XP level 3. HP: 33/33 MP: 3/3
   972 | D:2      | Found a shimmering blue altar of Sif Muna.
  1401 | D:3      | Reached XP level 4. HP: 40/40 MP: 4/4
  1402 | D:3      | You fall into a shaft and drop 3 floors!
  1405 | D:5      | Entered Level 5 of the Dungeon
  1442 | D:5      | Reached skill level 5 in Axes
  1442 | D:5      | Reached XP level 5. HP: 14/47 MP: 5/5
  1466 | D:5      | Found a shadowy altar of Dithmenos.
  2204 | D:3      | Found a bloodstained altar of Trog.
  2211 | D:3      | Found a broken altar of Ashenzari.
  2213 | D:3      | Found an opulent altar of Gozag.
  2377 | D:3      | Found an iron altar of Okawaru.
  2389 | D:3      | Reached XP level 6. HP: 49/53 MP: 6/6
  2567 | D:3      | Became a worshipper of Warmaster Okawaru
  2589 | D:4      | Reached skill level 1 in Throwing
  2715 | D:4      | Noticed Eustachio
  2735 | D:4      | Killed Eustachio
  2735 | D:4      | Reached XP level 7. HP: 60/60 MP: 7/7
  2790 | D:4      | Reached * piety under Okawaru
  2872 | D:4      | Noticed Ijyb
  2925 | D:4      | Killed Ijyb
  3173 | D:4      | Found an ornate altar of the Wu Jian Council.
  3176 | D:4      | Found a hazy altar of Hepliaklqana.
  3181 | D:4      | Found a sacrificial altar of Ru.
  3545 | D:5      | Found a blossoming altar of Fedhas.
  3557 | D:5      | Found a transporter.
  3569 | D:5      | Found a transporter.
  3587 | D:5      | Got a turquoise-encrusted scale mail
  3598 | D:5      | Identified the +4 scale mail of the Shore {Harm Int+4} (You
                  | found it on level 5 of the Dungeon)
  3649 | D:5      | Reached skill level 5 in Fighting
  3649 | D:5      | Reached XP level 8. HP: 66/68 MP: 8/8
  4020 | D:5      | Reached skill level 5 in Armour
  4087 | D:6      | Reached ** piety under Okawaru
  4087 | D:6      | Reached skill level 10 in Axes
  4163 | D:6      | You fall into a shaft and drop 2 floors!
  4259 | D:6      | Noticed Grinder
  4263 | D:6      | Killed Grinder
  4263 | D:6      | Reached XP level 9. HP: 78/78 MP: 9/9
  5001 | D:7      | Reached *** piety under Okawaru
  5019 | D:7      | Found a staircase to the Ecumenical Temple.
  5036 | Temple   | Entered the Ecumenical Temple
  5974 | D:8      | Noticed a two-headed ogre
  5988 | D:8      | Killed a two-headed ogre
  5988 | D:8      | Reached **** piety under Okawaru
  5988 | D:8      | Reached skill level 5 in Shields
  5988 | D:8      | Reached XP level 10. HP: 88/88 MP: 10/10
  6255 | D:8      | Found Annoplov's Antique Weapon Shop.
  6271 | D:8      | Noticed a two-headed ogre
  6289 | D:8      | Killed a two-headed ogre
  6801 | D:9      | Reached skill level 1 in Dodging
  6806 | D:9      | Noticed Joseph
  6807 | D:9      | Found a staircase to the Lair.
  6818 | D:9      | Received a gift from Okawaru
  6867 | D:9      | Killed Joseph
  6867 | D:9      | Reached ***** piety under Okawaru
  7071 | D:9      | Reached skill level 5 in Dodging
  7238 | D:10     | Entered Level 10 of the Dungeon
  7273 | D:10     | Reached XP level 11. HP: 90/95 MP: 11/11
  7452 | D:10     | Noticed a two-headed ogre
  7468 | D:10     | Killed a two-headed ogre
  7527 | D:10     | Found a bloodstained altar of Trog.
  7532 | D:10     | Found Lyun's Jewellery Boutique.
  7561 | D:10     | Bought a cursed -4 ring of strength for 34 gold pieces
  7561 | D:10     | Bought a cursed amulet of inaccuracy for 34 gold pieces
  7634 | D:10     | Noticed a cyclops
  7637 | D:10     | Killed a cyclops
  7726 | D:10     | Got a bound granite ring
  7731 | D:10     | Identified the ring of the Sybil {+Inv rElec MR+ Int-3
                  | Stlth+} (You found it on level 10 of the Dungeon)
  7750 | D:10     | Noticed an ogre mage
  7761 | D:10     | Noticed a death knight
  7802 | D:10     | Killed a death knight
  7806 | D:10     | Killed an ogre mage
  7806 | D:10     | Reached ****** piety under Okawaru
  7935 | D:10     | Received a gift from Okawaru
  8030 | D:10     | Killed an unseen horror
  8030 | D:10     | Received a gift from Okawaru
  8030 | D:10     | Reached skill level 10 in Armour
  8039 | D:10     | Got a fading ring mail {god gift}
  8058 | D:10     | Got a steaming helmet
  8069 | D:10     | Got a shimmering long sword
  8331 | D:10     | Identified a scroll of acquirement
  8341 | D:10     | Identified the +2 helmet of Focus {MP+9 Int+6} (You found
                  | it on level 10 of the Dungeon)
  8351 | D:10     | Identified the +2 ring mail "Liorakk" {rElec SInv} (Okawaru
                  | gifted it to you on level 10 of the Dungeon)
  8351 | D:10     | Acquired the ring of Wiaher {rPois Str+2 Stlth+}
  8447 | Lair:1   | Entered Level 1 of the Lair of Beasts
  8585 | Lair:1   | Identified the +11 long sword of Popular Demand {venom,
                  | rPois rF+} (You found it on level 10 of the Dungeon)
  8693 | Lair:1   | Reached XP level 12. HP: 101/105 MP: 12/12
  8749 | Lair:1   | Reached skill level 10 in Fighting
  8749 | Lair:1   | Reached skill level 1 in Stealth
  9250 | Lair:1   | Learned a level 3 spell: Stone Arrow
  9497 | Lair:2   | Reached skill level 1 in Long Blades
  9682 | Lair:2   | Received a gift from Okawaru
  9806 | Lair:2   | Found the +3 robe of Folly {Archmagi, MR-- Int+5}
 10014 | Lair:2   | Noticed Prince Ribbit
 10036 | Lair:2   | Killed Prince Ribbit
 10302 | Lair:3   | Received a gift from Okawaru
 10413 | Lair:3   | Received a gift from Okawaru
 10567 | Lair:3   | Found the +5 demon whip "Spellbinder" {antimagic, MR+}
 10567 | Lair:3   | Found a staircase to the Shoals.
 10585 | Lair:3   | Reached skill level 5 in Long Blades
 10683 | Lair:3   | Noticed a catoblepas
 10687 | Lair:3   | Reached XP level 13. HP: 91/115 MP: 13/13
 10766 | Lair:3   | Reached XP level 14. HP: 123/123 MP: 19/19
 10767 | Lair:3   | Reached XP level 15. HP: 129/129 MP: 20/20
 10949 | Lair:3   | Received a gift from Okawaru
 11469 | Lair:4   | Found a staircase to the Snake Pit.
 11541 | Lair:4   | Found a frozen archway.
 11564 | IceCv    | Entered an ice cave
 12239 | IceCv    | Got a translucent golden ring
 12471 | IceCv    | Identified the ring "Gibluk Todu" {+Fly Int+3} (You found
                  | it in an ice cave)
 14013 | Lair:6   | Entered Level 6 of the Lair of Beasts
 14038 | Lair:6   | Reached skill level 1 in Invocations
 14043 | Lair:6   | Reached skill level 1 in Evocations
 14048 | Lair:6   | Received a gift from Okawaru
 14270 | Lair:6   | Reached skill level 5 in Invocations
 14285 | Lair:6   | Found a viscous altar of Jiyva.
 14285 | Lair:6   | Found a staircase to the Slime Pits.
 14350 | Lair:6   | Reached skill level 5 in Evocations
 15000 | Lair:6   | Received a gift from Okawaru
 15175 | Lair:6   | Reached XP level 16. HP: 139/139 MP: 23/23
 15307 | Lair:6   | Found a large runed translucent door.
 15312 | Lair:6   | Found a large runed translucent door.
 15447 | Lair:6   | Reached skill level 10 in Invocations
 16634 | Snake:1  | Entered Level 1 of the Snake Pit
 17531 | Snake:1  | Received a gift from Okawaru
 18469 | D:8      | Bought a slimy great sword for 345 gold pieces
 18469 | D:8      | Bought an encrusted triple sword for 450 gold pieces
 18474 | D:8      | Identified the +6 great sword of Fortitude {drain, +Fly
                  | Str+2} (You bought it in a shop on level 8 of the Dungeon)
 18475 | D:8      | Identified the cursed +2 triple sword of Forced Transition
                  | {holy, Int+5 Dex-4} (You bought it in a shop on level 8 of
                  | the Dungeon)
 18477 | D:8      | Gained mutation: You expend magic power (3 MP) to
                  | strengthen your wands. [potion of mutation]
 18477 | D:8      | Gained mutation: Your body sometimes deteriorates upon
                  | taking damage. [potion of mutation]
 18477 | D:8      | Gained mutation: Your flesh is heat resistant. (rF+)
                  | [potion of mutation]
 18478 | D:8      | Lost mutation: Your body sometimes deteriorates upon taking
                  | damage. [potion of mutation]
 18478 | D:8      | Lost mutation: Your flesh is heat resistant. (rF+) [potion
                  | of mutation]
 18478 | D:8      | Gained mutation: You are partially covered in large bone
                  | plates. (SH +4) [potion of mutation]
 18478 | D:8      | Gained mutation: Your body sometimes deteriorates upon
                  | taking damage. [potion of mutation]
 18478 | D:8      | Lost mutation: Your body sometimes deteriorates upon taking
                  | damage. [potion of mutation]
 18478 | D:8      | Gained mutation: You are partially covered in molten
                  | scales. (AC +2) [potion of mutation]
 18694 | Snake:2  | Got a sparkling diamond amulet
 18745 | Snake:2  | Identified the amulet "Fiqyer" {Spirit rElec rF+++} (You
                  | found it on level 2 of the Snake Pit)
 18905 | Snake:2  | Reached skill level 5 in Throwing
 19258 | Snake:2  | Received a gift from Okawaru
 19492 | Snake:2  | Received a gift from Okawaru
 19685 | Snake:2  | Got a spiked leather armour
 19686 | Snake:2  | Identified the +1 leather armour "Vihem" {rC+ Dex+4} (You
                  | found it on level 2 of the Snake Pit)
 20218 | Snake:3  | Reached XP level 17. HP: 121/146 MP: 24/24
 20232 | Snake:3  | Received a gift from Okawaru
 20609 | Snake:3  | Noticed Vashnia
 20664 | Snake:3  | Killed Vashnia
 20737 | Snake:3  | Received a gift from Okawaru
 20768 | Snake:3  | Reached skill level 10 in Throwing
 21229 | Snake:3  | Noticed Kirke
 21238 | Snake:3  | Killed Kirke
 21438 | Snake:3  | Found a runed translucent gate.
 21438 | Snake:3  | Found a runed translucent gate.
 21438 | Snake:3  | Found a runed translucent gate.
 21439 | Snake:3  | Noticed Xitaol's ghost (adept SpEn)
 21439 | Snake:3  | Noticed Fekhlan's ghost (journeyman DDNe)
 21439 | Snake:3  | Noticed Razfen's ghost (adept GnWn)
 21472 | Snake:3  | Killed Fekhlan's ghost
 21482 | Snake:3  | Killed Xitaol's ghost
 21482 | Snake:3  | Received a gift from Okawaru
 21519 | Snake:3  | Killed Razfen's ghost
 21740 | Snake:4  | Entered Level 4 of the Snake Pit
 21836 | Snake:4  | Received a gift from Okawaru
 22082 | Snake:4  | Reached skill level 10 in Shields
 22120 | Snake:4  | Reached XP level 18. HP: 78/157 MP: 25/25
 22232 | Snake:4  | Found Xitokoo's Armour Shop.
 22905 | Snake:4  | Received a gift from Okawaru
 23484 | Snake:4  | Received a gift from Okawaru
 23717 | Snake:4  | Found a sacrificial altar of Ru.
 24047 | Snake:4  | Got a serpentine rune of Zot
 24372 | D:11     | Found a broken altar of Ashenzari.
 24473 | D:11     | Found a staircase to the Orcish Mines.
 24577 | D:11     | Noticed Fannar
 24589 | D:11     | Killed Fannar
 24781 | D:11     | Found Gemaf's Gadget Emporium.
 24784 | D:11     | Found a runed translucent door.
 24828 | D:11     | Received a gift from Okawaru
 24919 | D:11     | Noticed Nergalle
 24939 | D:11     | Killed Nergalle
 25624 | D:12     | Got a dull robe
 25990 | D:12     | Found a runed translucent door.
 25993 | D:12     | Found a runed translucent door.
 26005 | D:12     | Found a runed translucent door.
 26970 | D:13     | Found Goaqita's General Store.
 27065 | D:13     | Received a gift from Okawaru
 27558 | D:14     | Noticed Josephine
 27571 | D:14     | Killed Josephine
 27631 | D:14     | Received a gift from Okawaru
 27843 | D:14     | Reached XP level 19. HP: 165/165 MP: 26/26
 28348 | Orc:1    | Entered Level 1 of the Orcish Mines
 28671 | D:14     | Found a gate to the Vaults.
 28789 | D:14     | Acquired 967 gold pieces
 28935 | D:15     | Entered Level 15 of the Dungeon
 29149 | D:15     | Found a staircase to the Depths.
 29482 | Orc:1    | Found Nurofid's Book Shoppe.
 29657 | Orc:2    | Entered Level 2 of the Orcish Mines
 29721 | Orc:1    | Found Sidoruo's General Store.
 29928 | Orc:2    | Found a staircase to the Elven Halls.
 29962 | Orc:2    | Received a gift from Okawaru
 30014 | Orc:2    | Reached skill level 15 in Fighting
 30025 | Orc:2    | Found a roughly hewn altar of Beogh.
 30341 | Orc:2    | Found Baoqusuq's Antique Armour Emporium.
 30369 | Orc:2    | Found Xiphas's Book Shop.
 30456 | Orc:2    | Found a shimmering altar of Xom.
 30676 | Orc:2    | Found Lateaw's Antique Armour Shop.
 30705 | Orc:2    | Found Peos's Book Emporium.
 30983 | Orc:1    | Found Vithrygoy's Magic Scroll Boutique.
 30991 | Orc:1    | Bought a scroll of blinking for 90 gold pieces
 31018 | Orc:2    | Bought a glowing helmet for 232 gold pieces
 31018 | Orc:2    | Bought slimy swamp dragon scales for 1705 gold pieces
 31018 | Orc:2    | Identified the +3 swamp dragon scales of Munaunuqitz {rPois
                  | Int+3} (You bought it in a shop on level 2 of the Orcish
                  | Mines)
 31220 | D:13     | Bought a +0 cloak for 72 gold pieces
 31220 | D:13     | Bought a scroll of magic mapping for 56 gold pieces
 31508 | Vaults:1 | Entered Level 1 of the Vaults
 32367 | Vaults:1 | Received a gift from Okawaru
 32870 | Vaults:1 | Reached skill level 10 in Dodging
 32994 | Vaults:1 | Received a gift from Okawaru
 32994 | Vaults:1 | Reached XP level 20. HP: 178/178 MP: 27/27
 33049 | Vaults:1 | Found Seol's Jewellery Shop.
 35115 | Vaults:3 | Received a gift from Okawaru
 35319 | Vaults:3 | Found a staircase to the Crypt.
 35342 | Vaults:3 | Received a gift from Okawaru
 35772 | Vaults:3 | Received a gift from Okawaru
 36075 | Vaults:3 | Received a gift from Okawaru
 36137 | Vaults:3 | Got a distressingly furry buckler {god gift}
 36148 | Vaults:3 | Identified the +3 buckler of the Farmer {rC+ rN+ Dex+6
                  | SInv} (Okawaru gifted it to you on level 3 of the Vaults)
 36400 | Vaults:3 | Reached XP level 21. HP: 184/184 MP: 28/28
 36913 | Vaults:4 | Found a sacrificial altar of Ru.
 36926 | Vaults:4 | Paralysed by an orc sorcerer for 2 turns
 38239 | Vaults:4 | HP: 7/184 [boulder beetle (6)]
 38481 | Vaults:4 | Received a gift from Okawaru
 38481 | Vaults:4 | Reached skill level 15 in Axes
 38612 | Vaults:4 | Noticed Xtahua
 38613 | Vaults:4 | Received a gift from Okawaru
 38616 | Vaults:4 | Paralysed by Xtahua for 3 turns
 38625 | Vaults:4 | Paralysed by Xtahua for 7 turns
 38630 | Vaults:4 | HP: 3/276 [disintegration (17)]
 38630 | Vaults:4 | Slain by a lich

Illustrated notes

Levels and vault maps discovered:
D:1:      minmay_arrival_semitransparent, layout_basic, minmay_misc_feat_doors
D:2:      layout_loops_cross, lemuel_blue_sif_altar, minmay_split_cup_large
D:3:      layout_loops_ring, minitemple, okawaru_altar_gauntlet_db
D:4:      layout_cave_pools, grunt_temple_overflow_diamond, serial_column_ruins,
          column_ruins_hut_ruined, column_ruins_open_small,
          column_ruins_corridor_plus, column_ruins_open_tiny,
          column_ruins_open_tiny, column_ruins_grid_1,
          column_ruins_columns_straight, column_ruins_columns_corner,
          uniq_eustachio, uniq_ijyb
D:5:      layout_loops_ring, gammafunk_temple_overflow_arena,
          lemuel_coloured_pillars_altar, minmay_small_thing
D:6:      layout_basic, serial_park_tiny_2, item_on_display_b, uniq_grinder
D:7:      layout_basic, temple_green, minmay_circle_x
D:8:      layout_cave_pods, serial_shops, shop
D:9:      layout_rooms, erik_lair_orcish_takeover, uniq_joseph
D:10:     minmay_the_grid_octo_triangle [minmay_the_grid_octo_pinwheel,
          minmay_the_grid_octo_prize_ultimate_mussel_roller,
          minmay_the_grid_octo_focus], layout_cave_pools, serial_shops, shop,
          basic_altar
D:11:     cheibrodos_shockbox, layout_gridville, david_orc_2, serial_shops,
          shop, ashenzari_altar_1, uniq_fannar, uniq_nergalle
D:12:     layout_loops_cross, mikee_hates_you
D:13:     layout_layer_cave, serial_shops, shop, kennysheep_small_spiral
D:14:     layout_roguey, hangedman_vaults_entry_quadrant_bands, minmay_holes,
          uniq_josephine
D:15:     grunt_enter_depths_giant_problem, layout_rooms
Temple:   nicolae_temple_god_jail
Lair:1:   layout_misc_corridors
Lair:2:   layout_regular_city, worms_lemuel, uniq_prince_ribbit2
Lair:3:   layout_loops_ring, minmay_shoals_entry_lonely_mermaid, pond
Lair:4:   layout_cave_pods, dummy_snake_entry, portal_ice_cave_entry_pillars_1
Lair:5:   layout_loops_ring
Lair:6:   cheibrodos_lair_end_hotspot, layout_gridlike, slime_altar_1,
          minivault_29
Snake:1:  layout_onion_interference
Snake:2:  layout_cave_shapes, st_stairs_10, nicolae_coiled_stairwell_up
Snake:3:  layout_rooms, gammafunk_ghost_cemetery, uniq_kirke, uniq_vashnia
Snake:4:  grunt_snake_rune_pools, layout_cave_town, basic_altar,
          minmay_shop_star
Orc:1:    layout_diamond_mine, serial_shops, shop, shop, shop,
          nicolae_orc_lava_room
Orc:2:    st_orc_town, layout_diamond_mine, basic_altar, lightli_orcish_oven
Vaults:1: v_misc_8, grunt_vaults_swirl, dpeg_vaults_pockets_of_resistance,
          vaults_standard_mumra_enter_the_diamond, ontoclasm_vaults_shuriken,
          v_misc_30, v_misc_30, nicolae_vaults_specimen_jars,
          layout_vaults_quadrants, serial_shops, shop
Vaults:2: nicolae_vaults_angled_halls, vaults_dpeg_hooks, hangedman_vaults_trim,
          v_misc_27, hangedman_vaults_river_flow, ontoclasm_vaults_ligature,
          vaults_room_hallway, v_misc_2, nicolae_vaults_little_squares_4,
          nicolae_vaults_asterisk, layout_vaults_omnicross
Vaults:3: v_misc_27, minmay_crypt_entry_nasty_monster,
          nicolae_vaults_network_quinsquares
          [nicolae_vaults_network_quincunx_subvault,
          nicolae_vaults_network_quincunx_subvault,
          nicolae_vaults_network_quincunx_subvault,
          nicolae_vaults_network_quincunx_subvault], hangedman_vaults_corner,
          st_octagons_2, v_misc_1, nicolae_vaults_alarming,
          nicolae_vaults_little_squares_4, hangedman_vaults_stitches,
          ontoclasm_vaults_pinch, vaults_room_grid, serial_ice_h,
          layout_vaults_ring
Vaults:4: vaults_mumra_minichess, grunt_tower_of_power, v_alt_pattern_1,
          ontoclasm_vaults_hangar, ontoclasm_vaults_loading_screen,
          vaults_standard_mumra_enter_the_diamond, v_alt_pattern_4,
          grunt_vaults_hallway_short, v_rooms_1, serial_ice_m,
          vaults_room_grunt_arrival_ludios, ontoclasm_vaults_idyll,
          ontoclasm_vaults_decontamination, vaults_dpeg_doors,
          nicolae_vaults_shelves_hall, layout_vaults_maze_bifur, basic_altar,
          uniq_xtahua, uniq_bai_suzhen

Skill      XL: |  1  2  3  4  5  6  7  8  9 10 11 12 13 14 15 16 17 18 19 20 21 |
---------------+----------------------------------------------------------------+-----
Axes           | 3 4 5 7 9 10 11 12 13 14 15 | 15.9
Fighting       | 4 5 6 8 9 11 12 13 14 15 | 15.2
Armour         | 4 7 8 9 10 11 12 14 | 14.9
Shields        | 4 5 6 7 10 13 14 | 14.8
Throwing       | 1 7 10 | 10.7
Dodging        | 5 7 10 13 14 | 14.7
Stealth        | 4 |  4.0
Long Blades    | 6 9 12 14 | 14.0
Spellcasting   | 3 |  3.6
Invocations    | 9 10 | 10.2
Evocations     | 7 8 |  8.1

Action                   |  1- 3 |  4- 6 |  7- 9 | 10-12 | 13-15 | 16-18 | 19-21 || total
-------------------------+-------+-------+-------+-------+-------+-------+-------++-------
Melee: War axe           |    87 |    90 |       |       |       |       |       ||   177
       Hand axe          |       |    18 |   347 |   709 |       |       |       ||  1074
       Unarmed           |       |       |    41 |       |       |       |       ||    41
       Long sword        |       |       |       |    69 |   269 |   195 |    48 ||   581
       Demon blade       |       |       |       |    69 |   294 |  1650 |  1767 ||  3780
       Spear             |       |       |       |       |     5 |       |       ||     5
       Executioner's axe |       |       |       |       |       |       |   124 ||   124
Throw: Dart              |       |     9 |       |       |     9 |     7 |     4 ||    29
       Javelin           |       |       |       |       |       |     1 |       ||     1
Invok: Heroism           |       |       |       |     1 |     1 |     8 |     4 ||    14
       Finesse           |       |       |       |       |     1 |     6 |     1 ||     8
 Abil: Evoke Flight      |       |       |       |       |       |     4 |       ||     4
Evoke: Wand              |       |     2 |     3 |    11 |     8 |     9 |     4 ||    37
       Condenser vane    |       |       |       |       |     1 |     3 |     1 ||     5
       Phantom mirror    |       |       |       |       |       |     1 |       ||     1
  Use: Potion            |       |     1 |     1 |     4 |     8 |    14 |     6 ||    34
       Scroll            |       |       |    14 |    15 |    11 |    11 |    17 ||    68
 Stab: Sleeping          |       |       |       |     3 |     6 |    14 |    10 ||    33
       Petrified         |       |       |       |       |     8 |       |       ||     8
       Confused          |       |       |       |       |     3 |       |       ||     3
       Distracted        |       |       |       |       |     1 |     5 |     1 ||     7
Armor: Scale mail        |    43 |    64 |    81 |       |       |       |       ||   188
       Chain mail        |       |       |    15 |       |       |       |       ||    15
       Plate armour      |       |       |    31 |   184 |       |       |       ||   215
       Ring mail         |       |       |       |   124 |   158 |   403 |    61 ||   746
       Swamp dragon scal |       |       |       |       |       |       |   319 ||   319
Dodge: Dodged            |    21 |    35 |    98 |   242 |   198 |   570 |   707 ||  1871
Block: Kite shield       |    47 |    64 |   145 |   417 |   253 |  1463 |  1308 ||  3697
       Reflection        |       |       |       |       |       |    41 |    59 ||   100
       Buckler           |       |       |       |       |       |       |   201 ||   201
       Other             |       |       |       |       |       |       |    41 ||    41
       Rpst.: Long sword |       |       |       |     9 |    23 |     7 |     5 ||    44
       Demon blade       |       |       |       |    20 |    27 |   102 |   120 ||   269

Table legend: (Time is in decaauts)
 A = Elapsed time spent in this place.
 B = Non-inter-level travel time spent in this place.
 C = Inter-level travel time spent in this place.
 D = Time resting spent in this place.
 E = Time spent auto-exploring this place.
 F = Levels seen in this place.
 G = Mean time per level.
                   A        B        C        D        E       F      G
               +--------+--------+--------+--------+--------+-----+--------+
         Total |  37019 |  33623 |   3396 |   2133 |  22242 |  33 | 1121.8 |
       Dungeon |  13866 |  12114 |   1752 |    209 |   8801 |  15 |  924.4 |
        Temple |     53 |     40 |     13 |      0 |     39 |   1 |   53.0 |
          Lair |   7659 |   6784 |    875 |    289 |   4502 |   6 | 1276.5 |
     Snake Pit |   6625 |   6266 |    359 |    599 |   3823 |   4 | 1656.2 |
  Orcish Mines |   1575 |   1498 |     77 |      0 |   1039 |   2 |  787.5 |
        Vaults |   6332 |   6013 |    319 |    626 |   3808 |   4 | 1583.0 |
      Ice Cave |    906 |    906 |      0 |    409 |    229 |   1 |  906.0 |
               +--------+--------+--------+--------+--------+-----+--------+

Top non-repeatable levels by time:
  Lair:6: 2293 daAuts
 Snake:4: 2230 daAuts
Vaults:1: 2080 daAuts
Vaults:3: 1702 daAuts
 Snake:1: 1697 daAuts
    D:13: 1495 daAuts
 Snake:2: 1481 daAuts
Vaults:2: 1359 daAuts
  Lair:1: 1316 daAuts
  Lair:4: 1299 daAuts
    D:12: 1295 daAuts
 Snake:3: 1216 daAuts
    D:10: 1195 daAuts
Vaults:4: 1189 daAuts
     D:5: 1187 daAuts
